 Dungeon Crawl Stone Soup version bcrawl-1.12.2 (webtiles) character file.

Game seed: 13489253803428145598

86 Froggeryz the Firebug (level 4, -17/25 HPs)
             Began as an Avariel Fire Elementalist on July 24, 2019.
             Splashed by Robin's acid (20 damage)
             ... on level 2 of the Dungeon.
             The game lasted 00:04:33 (1966 turns).

Froggeryz the Firebug (Avariel Fire Elementalist)   Turns: 1966, Time: 00:04:33

Health: -17/25     AC:  1    Str:  6    XL:     4   Next: 50%
Magic:  6/11       EV: 12    Int: 22    God:
Gold:   200        SH:  0    Dex: 13    Spells: 5/9 levels left

rFire    . . .     SeeInvis .   d - +0 short sword
rCold    . . .     Gourm    .   (no shield)
rNeg     . . .     Faith    .   j - +2 robe
rPois    .         Spirit   .   (no helmet)
rElec    .         Reflect  .   i - +0 cloak
rCorr    .         Harm     .   (no gloves)
MR       .....                  (no boots)
Stlth    ++........             (no amulet)
HPRegen  0.08/turn              (no ring)
MPRegen  0.12/turn              (no ring)

@: corroded
A: no striking features
a: no special abilities


You were on level 2 of the Dungeon.
You were not hungry.

You visited 1 branch of the dungeon, and saw 2 of its levels.

You collected 200 gold pieces.

Inventory:

Hand Weapons
 d - a +0 short sword (weapon)
Armour
 i - a +0 cloak (worn)
 j - a +2 robe (worn)
Scrolls
 b - 2 scrolls of magic mapping
 f - a scroll of teleportation {unknown}
 g - 3 scrolls of identify
 k - a scroll of blinking {unknown}
Potions
 a - a potion of mutation {unknown}
 e - 2 potions of agility {unknown}
 h - 2 potions of curing {unknown}
 l - a potion of flight {unknown}
Comestibles
 c - 2 rations {!d}
 m - 2 chunks of flesh


   Skills:
 - Level 1.3 Fighting
 - Level 2.1 Dodging
 - Level 2.1 Stealth
 - Level 3.4 Spellcasting
 - Level 1.3 Conjurations
 * Level 4.8 Fire Magic


You had 5 spell levels left.
You knew the following spells:

 Your Spells              Type           Power        Failure   Level  Hunger
a - Flame Tongue          Conj/Fire      ###..        3%          1    None
b - Inner Flame           Hex/Fire       N/A          13%         3    ###....

Your spell library contained the following spells:

 Spells                   Type           Power        Failure   Level  Hunger
 Conjure Flame            Conj/Fire      ###.....     10%         3    ###....
 Sticky Flame             Conj/Fire      ###.....     32%         4    ####...
 Fireball                 Conj/Fire      ###.......   67%         5    ######.


Dungeon Overview and Level Annotations

Branches:
Dungeon (2/12)

Altars:
Okawaru

Annotations:
D:2 Robin


Message History

Confirm with . or Enter, or press ? or * to list all spells.
You can't see any susceptible monsters within range! (Use Z to cast anyway.) Unknown command.
You see here a +0 short sword.
Things that are here:
a +0 club; a goblin corpse
Things that are here:
a +0 hunting sling; 104 stones; a goblin corpse You see here a goblin corpse.
m - 2 chunks of flesh You start resting.
Your magical contamination has completely faded away.
Found a hardcover book.
Robin shouts!
Robin zaps a wand.
The bolt of acid hits you!
Ouch! That really hurt!
* * * LOW HITPOINT WARNING * * *
The acid corrodes you!
You are splashed with acid!!
Ouch! That really hurt!
You die...

###)#
#.#.#####.#............##
# #.#
#.#.......#..#########.##
###.#####.#.#####.#..#
#.#
..........#.#...#.#..#
#.#
###.#######.#.#.#.#).#
#.. #.## #.#.#g#.#)†#
#.## ###..## #.#.#...#).#
#.. ......## #.#g#####..#
#.# ##.....# #.#...@.†..#
### ##.....#
#.#####..(....# .......#
#.# #...###.# #..)...#
#.# #.#.# #......# #.#
#.#.# ##≈≈.≈≈# #.. #.#.#
##)≈.≈)# ### #.#..
##≈≈.≈≈# #.... ##..8..#


You could see Robin.

Vanquished Creatures
  Jessica (D:2)
  A worm (D:2)
  A leopard gecko (D:1)
  3 giant cockroaches (D:1)
  14 goblins
  9 hobgoblins
  7 kobolds
  9 bats
  6 rats
51 creatures vanquished.

Notes
Turn   | Place    | Note
-------+----------+-------------------------------------------
     0 | D:1      | Froggeryz the Avariel Fire Elementalist began the quest for
                  | the Orb.
     0 | D:1      | Reached XP level 1. HP: 10/10 MP: 6/6
     7 | D:1      | Noticed a polar bear
     7 | D:1      | Noticed a salamander
     7 | D:1      | Noticed a rime drake
     7 | D:1      | Noticed a worker ant
     7 | D:1      | Noticed a swamp worm
   335 | D:1      | Reached XP level 2. HP: 16/16 MP: 7/7
  1022 | D:2      | Noticed Robin
  1042 | D:2      | Reached skill level 4 in Fire Magic
  1043 | D:2      | Reached XP level 3. HP: 10/20 MP: 6/9
  1113 | D:2      | Noticed Jessica
  1118 | D:2      | Killed Jessica
  1118 | D:2      | Reached skill level 1 in Fighting
  1398 | D:2      | Reached XP level 4. HP: 25/25 MP: 2/11
  1429 | D:2      | Learned a level 3 spell: Inner Flame
  1644 | D:2      | Found an iron altar of Okawaru.
  1966 | D:2      | Splashed by Robin's acid

Skill      XL: |  1  2  3 |
---------------+----------+-----
Spellcasting   | 3 |  3.4
Fire Magic     | 4 |  4.8
Fighting       | 1 |  1.3
Dodging        | |  2.1
Stealth        | |  2.1
Conjurations   | |  1.3

Action                   |  1- 3 |  4- 6 || total
-------------------------+-------+-------++-------
Melee: Short sword       |    33 |    16 ||    49
 Cast: Flame Tongue      |    36 |    41 ||    77
       Inner Flame       |       |     1 ||     1
  Use: Scroll            |     1 |       ||     1
 Stab: Sleeping          |     4 |     2 ||     6
  Eat: Chunk             |     1 |     2 ||     3
Armor: Robe              |    14 |     9 ||    23
Dodge: Dodged            |    48 |    27 ||    75
